 Dungeon Crawl Stone Soup version 0.30-b1-6-gad0e9d6a2d (webtiles) character file.

Game seed: 11877240014680007037

8166 Mysteryquy the Cleaver (level 11, -1/89 HPs)
             Began as a Minotaur Berserker on May 5, 2023.
             Was a High Priest of Trog.
             Slain by a cane toad (8 damage)
             ... on level 1 of the Lair of Beasts.
             The game lasted 00:10:56 (6699 turns).

Mysteryquy the Cleaver (Minotaur Berserker)         Turns: 6699, Time: 00:10:56

Health: -1/89      AC:  9    Str: 25 (26) XL:     11   Next: 6%
Magic:  10/10      EV: 12    Int:  3 (4)  God:    Trog [*****.]
Gold:   557        SH:  0    Dex: 10      Spells: 10/10 levels left

rFire   . . .        d - +4 battleaxe of Yseopeuk {flame, *Slow rC+ rN+ Stlth+}
rCold   + + .        (shield currently unavailable)
rNeg    + . .        y - +0 ring mail
rPois   .            (helmet restricted)
rElec   .            C - +0 cloak
rCorr   .            (no gloves)
SInv    .            (no boots)
Will    .....        (no amulet)
Stlth   +++          (no ring)
HPRegen 0.34/turn    (no ring)
MPRegen 0.12/turn

%: slow self (1%)
@: on berserk cooldown, slowed, very slow
A: horns 2, retaliatory headbutt, talons 1, iridescent scales 1, cold resistance
1, deterioration 1, frail 1
a: Renounce Religion, Berserk, Trog's Hand, Brothers in Arms


You were on level 1 of the Lair of Beasts.
You worshipped Trog.
Trog was extremely pleased with you.
You visited 2 branches of the dungeon, and saw 9 of its levels.
You also visited: Ossuary.

You collected 557 gold pieces.

Inventory:

Hand Weapons
 a - a +0 hand axe
 d - the +4 battleaxe of Yseopeuk (weapon) {flame, *Slow rC+ rN+ Stlth+}
   (Trog gifted it to you in an ossuary)

   rC:        It protects you from cold.
   rN:        It protects you from negative energy.
   *Slow:     It may slow you when you take damage.
   Stlth:     It makes you more stealthy.
 s - the +10 war axe "Baukub" {venom, Will++ Str+3 Stlth+}
   (You found it on level 3 of the Dungeon)

   Str:       It affects your strength (+3).
   Will:      It greatly increases your willpower.
   Stlth:     It makes you more stealthy.
Armour
 b - a +0 animal skin
 y - a +0 ring mail (worn)
 C - a +0 cloak (worn)
Jewellery
 g - a +6 ring of dexterity
 k - a ring of protection from fire
 D - a ring of protection from cold
 E - an amulet of guardian spirit
 K - a ring of resist corrosion
Wands
 t - a wand of roots (9)
 B - a wand of quicksilver (13)
Scrolls
 c - 12 scrolls of identify {unknown}
 f - 4 scrolls of immolation {unknown}
 i - 2 scrolls of fog {unknown}
 m - 3 scrolls of noise {unknown}
 n - a scroll of amnesia {unknown}
 o - a scroll of torment {unknown}
 q - 5 scrolls of teleportation {unknown}
 r - a scroll of enchant armour {unknown}
 u - a scroll of silence {unknown}
 v - a scroll of summoning {unknown}
 w - a scroll of magic mapping {unknown}
 x - 7 scrolls of vulnerability {unknown}
 z - 2 scrolls of brand weapon {unknown}
 A - a scroll of acquirement {unknown}
 F - 2 scrolls of blinking {unknown}
 G - 2 scrolls of fear {unknown}
Potions
 e - a potion of attraction
 h - 3 potions of curing
 j - a potion of ambrosia {unknown}
 l - 2 potions of haste {unknown}
 p - 2 potions of cancellation {unknown}
 H - 2 potions of heal wounds {unknown}
 I - a potion of flight {unknown}
 J - 2 potions of degeneration {unknown}


   Skills:
 + Level 9.9 Fighting
 + Level 14.8 Axes
 + Level 6.5 Armour
 + Level 4.9 Dodging
 + Level 5.9 Stealth


You had 10 spell levels left.
You didn't know any spells.
Your spell library was empty.

Dungeon Overview and Level Annotations

Branches:
Dungeon (8/15)             Temple (0/1) D:4            Lair (1/5) D:8
Ossuary (visited)

Altars:
Fedhas
Trog
Uskayaw
Zin
The Shining One

Shops:
D:1 (   D:4 ?   D:8 (


Innate Abilities, Weirdness & Mutations

You have a pair of horns on your head.
You reflexively headbutt those who attack you in melee.
You have sharp toenails.
You are partially covered in iridescent scales. (AC +2)
Your flesh is cold resistant. (rC+)
Your body sometimes deteriorates upon taking damage.
You are frail. (-10% HP)


Message History

You are too injured to fight recklessly!
You are too injured to fight recklessly!
You are too injured to fight recklessly!
The cane toad gives a loud, deep croak!
You slash the hornet! You burn the hornet. You claw the hornet!
You headbutt the hornet, but do no damage.
The hornet is heavily wounded.
You feel very sick.
The hornet stings you but does no damage.
The hornet completely misses you. You furiously retaliate!
You headbutt the hornet! You closely miss the hornet.
Your kick misses the hornet.
The hornet is almost dead.
You feel very sick. The hornet closely misses you. You furiously retaliate!
You headbutt the hornet!
You kill the hornet!
Trog accepts your kill.
You feel sick.
Things that are here:
a hornet corpse; a hornet corpse You feel a strong urge to attack something.
You feel sick.
The cane toad stings you but does no damage.
The cane toad stings you!
Your body deteriorates!
You feel dopey.
You barely miss the cane toad.
You claw the cane toad, but do no damage.
You feel sick. The cane toad barely misses you.
You closely miss the cane toad.
You are no longer berserk.
You are exhausted.
You feel as though you will be slow longer.
You feel sick. The cane toad stings you!!
* * * LOW HITPOINT WARNING * * *
Okay, then.
It was a potion of curing.
You feel better. The cane toad stings you!
* * * LOW HITPOINT WARNING * * *
The cane toad stings you!
You die...

##..####..#
#..........####..#
#.....##..# ##.........##
#P...###..# #..........#
..^...##..# ##.....?...##
......##..# #..........#
#....###..####.............
.....†.)..)....##.##...#.#.⌠
†.P............#†#†#...### .
...#####..P#####@#.##..#
#..# #..## #F#.#. ..# #..#
#...# #. .#.##.# #..# #..##
.# #.#. .. .... .... #y .#.#
..... ...... ## #.## F.....
.# .F....[ ## ........


You could see a cane toad and a hornet (wandering).

Vanquished Creatures
  2 two-headed ogres (D:8)
  The ghost of H0rd4k the Ducker, a novice HuAr of Gozag (D:7)
  A black mamba (Lair:1)
  A cane toad (Lair:1)
  A komodo dragon (D:7)
  3 hornets (Lair:1)
  Grinder (D:6)
  4 blink frogs
  Sigmund (D:2)
  A wyvern (D:8)
  6 yaks
  A steam dragon (D:7)
  Edmund (D:4)
  An acid dragon (D:8)
  2 water moccasins
  An ice beast (D:5)
  An orc warrior (D:8)
  2 sky beasts
  2 black bears
  2 centaurs
  A phantom (D:5)
  An elf zombie (Ossuary)
  4 bullfrogs
  3 wights (D:6)
  A centaur zombie (Ossuary)
  2 jellies
  2 human zombies (Ossuary)
  4 hounds
  6 orc priests
  Natasha (thrice) (D:2)
  4 orc wizards
  2 hell rats (D:7)
  Ijyb (D:4)
  5 hound zombies (Ossuary)
  3 mummies (Ossuary)
  8 adders
  5 river rats (D:7)
  A shadow imp (D:8)
  A white imp (D:6)
  2 ufetubi (D:7)
  4 adder zombies (Ossuary)
  2 worms
  2 dart slugs
  21 orcs
  8 bats
  12 endoplasms
  2 giant cockroaches (D:4)
  A gnoll zombie (Ossuary)
  6 goblins
  9 hobgoblins
  2 jackals (D:2)
  9 kobolds
  8 quokkas
  7 ball pythons
  3 frilled lizards
  3 goblin zombies (Ossuary)
  3 hobgoblin zombies (Ossuary)
  A jackal zombie (Ossuary)
  6 kobold zombies (Ossuary)
  A quokka zombie (Ossuary)
  27 rats
  5 rat zombies (Ossuary)
  A butterfly (Lair:1)
237 creatures vanquished.

Vanquished Creatures (others)
  A rat (D:7)
  6 fungi
  11 plants
18 creatures vanquished.

Grand Total: 255 creatures vanquished

Notes
Turn   | Place    | Note
-------+----------+-------------------------------------------
     0 | D:1      | Mysteryquy the Minotaur Berserker began the quest for the
                  | Orb.
     0 | D:1      | Reached XP level 1. HP: 19/19 MP: 0/0
   112 | D:1      | Reached skill level 4 in Axes
   112 | D:1      | Reached XP level 2. HP: 27/27 MP: 1/1
   494 | D:1      | Reached ** piety under Trog
   544 | D:1      | Found Ibyog's Weapon Shoppe.
   544 | D:1      | Found a faded altar of an unknown god.
   755 | D:2      | Noticed Natasha
   760 | D:2      | Killed Natasha
   761 | D:2      | Reached XP level 3. HP: 25/34 MP: 2/2
   967 | D:2      | Noticed Sigmund
   972 | D:2      | Killed Sigmund
   973 | D:2      | Reached skill level 5 in Fighting
   973 | D:2      | Reached skill level 5 in Axes
   973 | D:2      | Reached XP level 4. HP: 42/42 MP: 3/3
   973 | D:2      | Reached XP level 5. HP: 48/48 MP: 4/4
  1043 | D:2      | Noticed Natasha
  1046 | D:2      | Killed Natasha
  1047 | D:2      | Reached skill level 6 in Axes
  1254 | D:2      | Reached XP level 6. HP: 56/56 MP: 5/5
  1292 | D:2      | Noticed Natasha
  1307 | D:2      | Killed Natasha
  1308 | D:2      | Reached skill level 1 in Stealth
  1810 | D:3      | Reached *** piety under Trog
  1976 | D:3      | Identified the +10 war axe "Baukub" {venom, Will++ Str+3
                  | Stlth+}
  2374 | D:4      | Noticed Edmund
  2379 | D:4      | Noticed Ijyb
  2380 | D:4      | Killed Edmund
  2385 | D:4      | Reached skill level 7 in Axes
  2386 | D:4      | Killed Ijyb
  2927 | D:4      | Found a staircase to the Ecumenical Temple.
  3038 | D:4      | Found Azxuligh's Magic Scroll Boutique.
  3070 | D:5      | Entered Level 5 of the Dungeon
  3083 | D:5      | Reached XP level 7. HP: 61/61 MP: 6/6
  3211 | D:5      | Reached skill level 8 in Axes
  3395 | D:5      | Reached **** piety under Trog
  3506 | D:5      | Reached skill level 9 in Axes
  3506 | D:5      | Reached XP level 8. HP: 70/70 MP: 7/7
  3517 | D:5      | Found a hide-covered altar of Uskayaw.
  3517 | D:5      | Found a bloodstained altar of Trog.
  3726 | D:6      | Found a blossoming altar of Fedhas.
  3828 | D:6      | Noticed Grinder
  3833 | D:6      | Killed Grinder
  4112 | D:6      | Reached skill level 10 in Axes
  4385 | D:7      | Found a glowing golden altar of the Shining One.
  4413 | D:7      | Found a glowing silver altar of Zin.
  4521 | D:7      | Noticed a komodo dragon
  4527 | D:7      | Killed a komodo dragon
  4528 | D:7      | Reached XP level 9. HP: 73/79 MP: 8/8
  4557 | D:7      | Noticed H0rd4k's ghost (novice HuAr)
  4568 | D:7      | Found a runed translucent door.
  4852 | D:7      | Reached ***** piety under Trog
  4858 | D:7      | Reached skill level 11 in Axes
  4860 | D:7      | Gained mutation: You sometimes lose your temper in combat.
                  | [potion of mutation]
  4860 | D:7      | Gained mutation: You are somewhat resistant to further
                  | mutation. [potion of mutation]
  4865 | D:7      | Reached skill level 5 in Armour
  5372 | D:7      | Killed H0rd4k's ghost
  5385 | D:7      | Lost mutation: You sometimes lose your temper in combat.
                  | [potion of mutation]
  5385 | D:7      | Lost mutation: You are somewhat resistant to further
                  | mutation. [potion of mutation]
  5385 | D:7      | Gained mutation: You sometimes lose your temper in combat.
                  | [potion of mutation]
  5385 | D:7      | Gained mutation: You are clumsy. (Dex -2) [potion of
                  | mutation]
  5386 | D:7      | Lost mutation: You sometimes lose your temper in combat.
                  | [potion of mutation]
  5386 | D:7      | Lost mutation: You are clumsy. (Dex -2) [potion of
                  | mutation]
  5386 | D:7      | Gained mutation: You are dopey. (Int -2) [potion of
                  | mutation]
  5386 | D:7      | Gained mutation: Your flesh is heat resistant. (rF+)
                  | [potion of mutation]
  5386 | D:7      | Gained mutation: You have a somewhat thin skeletal
                  | structure. (Dex +2, Stealth+) [potion of mutation]
  5387 | D:7      | Lost mutation: You are dopey. (Int -2) [potion of mutation]
  5387 | D:7      | Lost mutation: You have a somewhat thin skeletal structure.
                  | (Dex +2, Stealth+) [potion of mutation]
  5387 | D:7      | Lost mutation: Your flesh is heat resistant. (rF+) [potion
                  | of mutation]
  5387 | D:7      | Gained mutation: You are frail. (-10% HP) [potion of
                  | mutation]
  5387 | D:7      | Gained mutation: You occasionally lose the ability to read
                  | scrolls when taking damage. [potion of mutation]
  5388 | D:7      | Lost mutation: You occasionally lose the ability to read
                  | scrolls when taking damage. [potion of mutation]
  5388 | D:7      | Lost mutation: You are frail. (-10% HP) [potion of
                  | mutation]
  5388 | D:7      | Gained mutation: You are somewhat resistant to further
                  | mutation. [potion of mutation]
  5389 | D:7      | Lost mutation: You are somewhat resistant to further
                  | mutation. [potion of mutation]
  5389 | D:7      | Gained mutation: Your flesh is cold resistant. (rC+)
                  | [potion of mutation]
  5389 | D:7      | Gained mutation: You have hidden genetic defects. [potion
                  | of mutation]
  5389 | D:7      | Gained mutation: You have sharp toenails. [potion of
                  | mutation]
  5389 | D:7      | Gained mutation: You are partially covered in iridescent
                  | scales. (AC +2) [potion of mutation]
  5423 | D:8      | Noticed a two-headed ogre
  5429 | D:8      | Killed a two-headed ogre
  5430 | D:8      | Reached skill level 12 in Axes
  5442 | D:8      | Gained mutation: You are frail. (-10% HP) [hidden defects]
  5468 | D:8      | Noticed a two-headed ogre
  5472 | D:8      | Killed a two-headed ogre
  5473 | D:8      | Reached XP level 10. HP: 67/81 MP: 9/9
  5496 | D:8      | Gained mutation: Your body sometimes deteriorates upon
                  | taking damage. [hidden defects]
  5496 | D:8      | Lost mutation: You have hidden genetic defects. [hidden
                  | defects expressed]
  5521 | D:8      | Found Gosil's Firing Range.
  5606 | D:8      | Reached skill level 13 in Axes
  5700 | D:8      | Found a staircase to the Lair.
  5856 | D:8      | Found a sand-covered staircase.
  5870 | Ossuary  | Entered an ossuary
  5975 | Ossuary  | Identified the +4 battleaxe of Yseopeuk {flame, *Slow rC+
                  | rN+ Stlth+} (Trog gifted it to you in an ossuary)
  5975 | Ossuary  | Received a gift from Trog
  6443 | Lair:1   | Entered Level 1 of the Lair of Beasts
  6444 | Lair:1   | Noticed a cane toad
  6451 | Lair:1   | Noticed a black mamba
  6455 | D:8      | Reached skill level 5 in Stealth
  6510 | Lair:1   | Killed a black mamba
  6512 | Lair:1   | Killed a cane toad
  6513 | Lair:1   | Reached skill level 14 in Axes
  6525 | Lair:1   | Noticed a cane toad
  6693 | Lair:1   | Reached XP level 11. HP: 66/89 MP: 10/10
  6699 | Lair:1   | Slain by a cane toad

Illustrated notes

Levels and vault maps discovered:
D:1:      onia_arrival_handbag, layout_loops_ring,
          shapermc_ecumenical_altar_mp_ritualfount, serial_shops,
          nicolae_shop_window_shopping
D:2:      layout_loops_ring, uniq_natasha, uniq_sigmund
D:3:      layout_loops_cross, nrook_mini_vaults, dk_noncrumbling_4
D:4:      layout_loops_ring, temple_hall, serial_shops, shop,
          guppyfry_early_lair_pool, uniq_edmund, uniq_ijyb
D:5:      layout_cave_pools, gammafunk_temple_overflow_elements
D:6:      layout_rooms, fedhas_ov_isle_minmay, hangedman_decor_opposing,
          uniq_grinder
D:7:      lemuel_ratsnest, layout_loops_ring, mainiacjoe_overflow_two_lobes,
          hellmonk_ghost_happy_afterlife
D:8:      layout_loops_ring, lair_entry_dummy, nicolae_ossuary_entry_ruins,
          nicolae_shop_firing_range
Lair:1:   layout_small_grid, st_stairs_3, dreamdust_wasp_nest,
          grunt_megastairs_1, lemuel_fruit_fields

Skill      XL: |  1  2  3  4  5  6  7  8  9 10 |
---------------+-------------------------------+-----
Axes           | 4 5 6 7 9 10 12 14 | 14.8
Fighting       | 4 5 6 7 8 9 |  9.9
Dodging        | 3 4 |  4.9
Stealth        | 1 2 3 4 5 |  5.9
Armour         | 3 4 6 |  6.5

Action                     |  1- 3 |  4- 6 |  7- 9 | 10-12 || total
---------------------------+-------+-------+-------+-------++-------
  Melee: Hand axe          |    72 |    55 |       |       ||   127
         Headbutt          |    14 |    12 |    24 |    16 ||    66
         War axe           |       |    31 |   123 |    58 ||   212
         Punch             |       |       |     4 |       ||     4
         Kick              |       |       |     1 |    22 ||    23
         Battleaxe         |       |       |       |    40 ||    40
 Invoke: Berserk           |     1 |     1 |     2 |     2 ||     6
         Trog's Hand       |       |       |     1 |       ||     1
    Use: Potion            |       |       |     7 |     1 ||     8
   Stab: Sleeping          |     2 |     3 |     5 |     9 ||    19
         Distracted        |       |       |     1 |       ||     1
 Armour: Animal skin       |     8 |    18 |       |       ||    26
         Ring mail         |       |     1 |    29 |    32 ||    62
  Dodge: Dodged            |    43 |    32 |    59 |    45 ||   179
